bart, neutral male scurrid Tourist ---------- |......=.| |.$..a...| |.))).@..| .........| ---------- bart the Rambler Experience level: 2 Strength: 10 Dexterity: 14 Constitution: 10 Intelligence: 14 Wisdom: 11 Charisma: 16 Health: 0(17) Energy: 8(8) Def: 4 Gold: 118 Moves: 150 Dungeon seed: q9ipbk2Tsz_Sizj4 Game ID: bart_1528899114 Your Inventory: Coins $ - 118 gold pieces Weapons a - 26 uncursed +2 darts (in quiver) Armor e - an uncursed +0 Hawaiian shirt (being worn) Comestibles b - an uncursed chestnut c - an uncursed tin of spinach d - an uncursed tripe ration f - 2 uncursed candy bars g - an uncursed pancake h - an uncursed banana i - 6 uncursed food rations Scrolls l - 4 uncursed scrolls of magic mapping q - an uncursed scroll of identify Wands o - an uncursed wand of secret door detection (0:14) Tools m - an uncursed expensive camera (0:91) n - an uncursed credit card p - an uncursed towel Spells and supernatural/magical abilities: Name Level Category Fail Memory W - pray for help -- divine ? -- Your skills at the end: Miscellaneous Skills wands [Basic] Weapon Skills dart [Basic] Spellcasting Skills Final Attributes: You were devoutly aligned. You had infravision. You were very stealthy. You were protected. You are dead. Vanquished creatures: an ice vortex a fox a newt a goblin 4 creatures vanquished. Voluntary challenges: You went without food. You did not adorn yourself with jewelry or accessories. You did not cause conflict. You were not invisible. You did not have reflection. You were not displaced. You never hit with a wielded weapon. You did not use containers. You did not apply a unicorn horn. You did not use plumbed fixtures. You were illiterate. You never genocided any monsters. You never polymorphed an object. You never changed form. You used no wishes. You never split a pudding. You never wrote Elbereth's name. You never violated your personal moral code. Dungeon overview: The Dungeons of Doom: levels 1 to 22 Level 1 a fountain a long staircase Level 2 Level 3 Level 4 Level 5 Level 6 Level 10 a temple to Blind Io Level 11 Level 12 Level 13 Level 14 Level 15 Level 16 Level 17 a fountain Level 18 a fountain, a sink Level 19 Level 20 Level 21 Level 22 <- You were here History has recorded: On T:1 you entered the Dungeons of Doom to retrieve the Amulet of Yendor! On T:7 you reached level 2 of The Dungeons of Doom. On T:13 you reached level 3 of The Dungeons of Doom. On T:19 you reached level 4 of The Dungeons of Doom. On T:25 you reached level 5 of The Dungeons of Doom. On T:33 you reached level 6 of The Dungeons of Doom. On T:39 you reached level 10 of The Dungeons of Doom. On T:52 you reached level 11 of The Dungeons of Doom. On T:58 you reached level 12 of The Dungeons of Doom. On T:65 you reached level 13 of The Dungeons of Doom. On T:75 you reached level 14 of The Dungeons of Doom. On T:83 you reached level 15 of The Dungeons of Doom. On T:83 you entered the Rogue tribute level. On T:89 you reached level 16 of The Dungeons of Doom. On T:97 you reached level 17 of The Dungeons of Doom. On T:102 you reached level 18 of The Dungeons of Doom. On T:109 you reached level 19 of The Dungeons of Doom. On T:116 you reached level 20 of The Dungeons of Doom. On T:122 you reached level 21 of The Dungeons of Doom. On T:132 you advanced to experience level 2. On T:141 you reached level 22 of The Dungeons of Doom. Score breakdown: Gold: 0 ( 0 points) Experience: 2 levels ( 100 points) Exploration: 22 levels ( 630 points) Discoveries: 2 items ( 100 points) Variety of kills: 4 monsters ( 200 points) Major goal: (nothing yet) ( 0 points) Survival: died (score multiplied by 3) Total score: 3090 Latest messages: The dart hits the giant beetle. The dart hits the giant beetle! The dart hits the giant beetle! The dart hits the giant beetle! The giant beetle is blinded by the flash! The dart hits the giant beetle! The dart hits the giant beetle. You start digging downward. The giant beetle bites! You continue digging downward. You dig a pit in the floor. You continue digging downward. (2x) The giant beetle bites! You die... Final status: Aloha bart the Tourist, killed by a giant beetle... You died in The Dungeons of Doom on dungeon level 22 with 3090 points, and 118 pieces of gold, after 150 moves. You were level 2 with a maximum of 17 hit points when you died.